 Dungeon Crawl Stone Soup version 0.24-a0-312-g16217b4 (webtiles) character file.

Game seed: 17914312979520240219

58 MisterFreud the Insei (level 4, -6/28 HPs)
             Began as an Octopode Transmuter on May 15, 2019.
             Killed by divine providence
             ... invoked by an orc priest
              (11 damage)
             ... on level 3 of the Dungeon.
             The game lasted 00:04:34 (2122 turns).

MisterFreud the Insei (Octopode Transmuter)         Turns: 2122, Time: 00:04:35

Health: -6/28      AC:  1    Str:  9    XL:     4   Next: 1%
Magic:  4/7        EV: 13    Int: 16    God:
Gold:   125        SH:  0    Dex: 12    Spells: 1/7 levels left

rFire    . . .     SeeInvis .     - Unarmed
rCold    . . .     Gourm    .   (no shield)
rNeg     . . .     Faith    .   (helmet restricted)
rPois    .         Spirit   .   (no amulet)
rElec    .         Reflect  .   (no ring)
rCorr    .         Harm     .   (no ring)
MR       .....                  (no ring)
Stlth    ++........             (no ring)
HPRegen  0.09/turn              (no ring)
MPRegen  0.10/turn              (no ring)
                                (no ring)
                                (no ring)

@: appendage (expiring)
A: almost no armour, stealthy swim, amphibious, 8 rings, constrict 8, tentacle
spike 3, camouflage 1, gelatinous body 1
a: End Transformation


You were on level 3 of the Dungeon.
You were not hungry.
One of your tentacles had a temporary spike.
You visited 1 branch of the dungeon, and saw 3 of its levels.

You collected 125 gold pieces.

Inventory:

Missiles
 a - 18 arrows
 e - 51 bolts
 i - 3 stones (quivered)
Jewellery
 g - an uncursed ring of ice
Scrolls
 j - a scroll of remove curse
Potions
 b - a potion of agility
 d - a potion of heal wounds
 f - a potion of cancellation
 h - 3 potions of invisibility
Comestibles
 c - 4 rations
 k - a chunk of flesh


   Skills:
 - Level 1.0 Fighting
 - Level 2.0 Dodging
 + Level 4.6 Unarmed Combat
 - Level 2.0 Spellcasting
 + Level 2.1 Transmutations


You had one spell level left.
You knew the following spells:

 Your Spells              Type           Power        Failure   Level  Hunger
a - Beastly Appendage     Tmut           #.....       9%          1    #......
b - Sticks to Snakes      Tmut           #.......     13%         2    ###....
c - Spider Form           Tmut/Pois      #.........   36%         3    ###....

Your spell library contained the following spells:

 Spells                   Type           Power        Failure   Level  Hunger
 Ice Form                 Ice/Tmut       #.......     78%         4    #####..
 Blade Hands              Tmut           #.........   93%         5    ######.


Dungeon Overview and Level Annotations

Branches:
Dungeon (3/15)

Altars:
Trog


Innate Abilities, Weirdness & Mutations

You cannot wear most types of armour.
You are very stealthy in the water. (Stealth+)
You are amphibious.
You can wear up to eight rings at the same time.
You can use your tentacles to constrict eight enemies at once.
Your skin changes colour to match your surroundings (Stealth+).
Your rubbery body absorbs attacks. (AC +1, EV +1)
One of your tentacles bears a large vicious spike.


Message History

The orc throws a boomerang.
The boomerang misses you.
The weapon returns to the orc!
You tentacle-slap the orc. Your grab misses the orc.
Your squeeze misses the orc.
The orc is almost dead.
The orc throws a boomerang.
The boomerang misses you.
The weapon returns to the orc!
The orc barely misses you.
Your ball python bites the orc.
Your ball python grabs the orc.
Your ball python constricts the orc.
Okay, then.
Your ball python bites the orc.
Your ball python constricts the orc.
The orc throws a boomerang.
The boomerang hits you.
* * * LOW HITPOINT WARNING * * *
The weapon returns to the orc!
Your ball python bites the orc.
The orc dies!
You have reached level 4!
The orc priest invokes the aid of Beogh against you.
Beogh smites you!
You die...

#.#.# #..#)#####
#.#.# ###.........
#.#.###...o.....#
###.#.##.....).##.#
.>..#.#...S.......#
#.#.#.#...........#
#.#......o..........
#.#.###.#......##.##
#.......@...........
#.#.#####.#....#..##
#.#.......#....#..#
#.#...?........# .#
#.........#....#
##.......#.#....#
......###.........
###...# #...#..#.#
#...###...# ...


You could see an orc priest, an orc and a friendly ball python.

Vanquished Creatures
  2 dart slugs (D:1)
  A worm (D:2)
  5 leopard geckos
  3 orcs
  A ball python (D:2)
  4 giant cockroaches
  4 goblins
  3 hobgoblins
  2 quokkas (D:2)
  5 bats
  2 frilled lizards (D:2)
  4 kobolds
  3 rats
39 creatures vanquished.

Vanquished Creatures (collateral kills)
  An orc (D:3)
1 creature vanquished.

Grand Total: 40 creatures vanquished

Notes
Turn   | Place    | Note
-------+----------+-------------------------------------------
     0 | D:1      | MisterFreud the Octopode Transmuter began the quest for the
                  | Orb.
     0 | D:1      | Reached XP level 1. HP: 13/13 MP: 3/3
   193 | D:1      | Reached XP level 2. HP: 13/18 MP: 3/5
   651 | D:1      | Reached skill level 4 in Unarmed Combat
   765 | D:2      | Reached XP level 3. HP: 23/23 MP: 4/6
   785 | D:2      | Learned a level 2 spell: Sticks to Snakes
   789 | D:2      | Learned a level 3 spell: Spider Form
  1184 | D:2      | Found a bloodstained altar of Trog.
  2119 | D:3      | Reached XP level 4. HP: 5/28 MP: 4/7
  2122 | D:3      | Killed from afar by an orc priest

Levels and vault maps discovered:
D:1:      dpeg_arrival_concentric_ovals, layout_basic
D:2:      layout_basic, first_ration, trog_butcher_becter
D:3:      layout_basic, grunt_temple_overflow_cloverleaf, uniq_jessica

Skill      XL: |  1  2 |
---------------+-------+-----
Unarmed Combat | 4 |  4.6
Fighting       | |  1.0
Dodging        | |  2.0
Spellcasting   | |  2.0
Transmutations | |  2.1

Action                   |  1- 3 |  4- 6 || total
-------------------------+-------+-------++-------
Melee: Unarmed           |    80 |       ||    80
       Constrict         |    24 |       ||    24
       Kick              |    11 |       ||    11
       Tentacles         |    17 |       ||    17
       Punch             |     3 |       ||     3
 Cast: Beastly Appendage |    16 |       ||    16
       Sticks to Snakes  |     1 |       ||     1
  Use: Scroll            |     7 |       ||     7
 Stab: Sleeping          |     2 |       ||     2
  Eat: Chunk             |     4 |       ||     4
Armor: Skin              |     6 |       ||     6
Dodge: Dodged            |    50 |       ||    50

Table legend:
 A = Non-vault XP
 B = Vault XP
 C = Vault XP percentage of total XP
 D = Non-vault monster count
 E = Vault monster count
 F = Vault count percentage of total count
                 A         B        C        D         E       F
            +---------+---------+-------+---------+---------+-------
      Total |      73 |      10 |  12.0 |      36 |       4 |  10.0
            +---------+---------+-------+---------+---------+-------
        D:1 |      31 |       0 |   0.0 |      13 |       0 |   0.0
        D:2 |      26 |      10 |  27.8 |      14 |       4 |  22.2
        D:3 |      16 |       0 |   0.0 |       9 |       0 |   0.0
            +---------+---------+-------+---------+---------+-------
